 Dungeon Crawl Stone Soup version 0.31-a0-836-g3ceb0a68c4 (webtiles) character file.

Game seed: 17024673835302979911

84 PimpSugar the Magician (level 4, -1/32 HPs)
             Began as a Demonspawn Hedge Wizard on Sept 26, 2023.
             Slain by Sigmund
             ... wielding a +0 scythe
              (9 damage)
             ... on level 2 of the Dungeon.
             The game lasted 00:15:10 (2927 turns).

PimpSugar the Magician (Demonspawn Hedge Wizard)    Turns: 2927, Time: 00:15:10

Health: -1/32      AC: 11    Str:  5 (10) XL:     4   Next: 23%
Magic:  2/9        EV: 11    Int: 14 (17) God:
Gold:   61         SH:  0    Dex:  7 (13) Spells: 4/10 levels left

rFire   . . .        a - +0 dagger
rCold   . . .        (no shield)
rNeg    . . .        b - +0 robe
rPois   .            c - +0 hat
rElec   .            (no cloak)
rCorr   .            o - +2 pair of gloves
SInv    .            (no boots)
Will    .....        (no amulet)
Stlth   ++           (no ring)
HPRegen 0.25/turn    (no ring)
MPRegen 0.11/turn

%: no passive effects
@: mighty, brilliant, sanguine armoured
A: powered by pain 1, sanguine armour 1, demonic touch 1, deterioration 1, sense
surroundings 1, screaming 1
a: no special abilities


You were on level 2 of the Dungeon.
You visited 1 branch of the dungeon, and saw 3 of its levels.

You collected 61 gold pieces.

Inventory:

Hand Weapons
 a - a +0 dagger (weapon)
 n - a +0 sling
 s - a +0 spear
Missiles
 e - 36 stones
 p - 2 poisoned darts (quivered)
Armour
 b - a +0 robe (worn)
 c - a +0 hat (worn)
 o - a +2 pair of gloves (worn)
Scrolls
 f - a scroll of vulnerability {unknown}
 g - a scroll of immolation
 h - a scroll of fear {unknown}
 i - a scroll of noise {unknown}
 j - a scroll of amnesia {unknown}
 m - a scroll of teleportation {unknown}
 q - a scroll of poison {unknown}
Potions
 k - a potion of degeneration
 l - a potion of cancellation
 r - a potion of might


   Skills:
 + Level 1.1 Fighting
 - Level 1.7 Dodging
 + Level 2.1 Stealth
 * Level 3.6 Spellcasting
 * Level 2.0 Conjurations
 * Level 0.7 Hexes
 * Level 1.6 Summonings
 + Level 1.2 Translocations


You had 4 spell levels left.
You knew the following spells:

 Your Spells              Type           Power      Damage    Failure   Level
a - Magic Dart            Conj           48%        1d5       9%          1
b - Call Imp              Summ           20%        N/A       16%         2
c - Sigil of Binding      Hex            6%         N/A       41%         3

Your spell library contained the following spells:

 Spells                   Type           Power      Damage    Failure   Level
 Slow                     Hex            24%        N/A       16%         1
 Blink                    Tloc           18%        N/A       19%         2
 Cigotuvi's Dreadful Rot  Necr/Pois/Air  6%         N/A       30%         2
 Call Canine Familiar     Summ           10%        N/A       30%         3
 Mephitic Cloud           Conj/Pois/Air  6%         N/A       43%         3
 Dimensional Bullseye     Hex/Tloc       3%         N/A       80%         4
 Leda's Liquefaction      Hex/Erth       2%         N/A       86%         4


Dungeon Overview and Level Annotations

Branches:
Dungeon (3/15)

Altars:

Annotations:
D:2 Sigmund


Innate Abilities, Weirdness & Mutations

You sometimes gain a little power by taking damage.
When seriously injured, your blood forms armour. (AC +6)
Your touch may inflict minor irresistible damage on your foes.
Your body sometimes deteriorates upon taking damage.
You passively map a small area around you.
You occasionally shout uncontrollably at your foes.


Message History

Press: ? - help, Q - select action, (/) - cycle Shift-Dir - straight line, f - you Really target yourself?
Okay, then.
Throw: 3 darts (poison)
Press: ? - help, Q - select action, (/) - cycle Shift-Dir - straight line You throw a poisoned dart.
A puff of flame appears from out of thin air!
The puff of flame hits you!
Your blood congeals into armour.
Throw: 2 darts (poison)
Press: ? - help, Q - select action, (/) - cycle Shift-Dir - straight line, f - you
Okay, then.
What are your orders? t - Yell!
Orders for allies: a - Attack new target. r - Retreat! s - Stop attacking. g - Guard the area. f - Follow me.
Anything else - Cancel.
Gang up on whom?
Press: ? - help, Dir - move target There's nothing there!
What are your orders? t - Yell!
Orders for allies: a - Attack new target. r - Retreat! s - Stop attacking. g - Guard the area. f - Follow me.
Anything else - Cancel.
Gang up on whom?
Press: ? - help, Dir - move target There's nothing there!
Your magical contamination has completely faded away.
Something hits you. Something hits you but does no damage. Something hits you!
* * * LOW HITPOINT WARNING * * *
It was a potion of might.
You feel very mighty all of a sudden.
It was a potion of brilliance.
You feel clever all of a sudden. Something hits you!
You die...

...........# #.# ##.##
###.###.#### #.# ##...## # #.#
#.# ###.# ##.....## # #.. #.#
##.#.## ##...)...#
###...#.#######...#.####.........
.......(.............†.'.........
###...#.########{...####)........
........#* ###5#.######.......#
##....... ##..@.....# #......##
#.#.#### #.......#.# #.....##
#.... * #..#.##.#.# #.#.'## #.. *
#..#..#.#.# #.#...# ##.
#..##.#.#.# #.#...### . , ,
#..#......# #.#)#...# ,
#.........# #...#.#.# , ,
#........#####..#.... # *
####..##.##.....#...#


You could see a friendly cerulean imp (summoned).

Vanquished Creatures
  3 gnolls (D:2)
  A worm (D:2)
  A dart slug (D:1)
  4 ball pythons
  3 endoplasms
  4 giant cockroaches
  2 goblins (D:2)
  5 hobgoblins
  3 jackals (D:1)
  2 bats (D:2)
  2 frilled lizards
  3 rats (D:2)
33 creatures vanquished.

Vanquished Creatures (collateral kills)
  A dart slug (D:2)
  A giant cockroach (D:2)
  A goblin (D:2)
  A hobgoblin (D:1)
  A jackal (D:1)
  2 kobolds (D:1)
  A quokka (D:1)
  A rat (D:1)
9 creatures vanquished.

Grand Total: 42 creatures vanquished

Notes
Turn   | Place    | Note
-------+----------+-------------------------------------------
     0 | D:1      | PimpSugar the Demonspawn Hedge Wizard began the quest for
                  | the Orb.
     0 | D:1      | Reached XP level 1. HP: 13/13 MP: 4/4
    90 | D:1      | Reached skill level 1 in Translocations
   234 | D:1      | Gained mutation: When seriously injured, your blood forms
                  | armour. (AC +6) [demonic ancestry]
   234 | D:1      | Reached XP level 2. HP: 8/19 MP: 0/6
   302 | D:1      | Learned a level 2 spell: Call Imp
   584 | D:1      | Gained mutation: You occasionally shout uncontrollably at
                  | your foes. [potion of mutation]
   584 | D:1      | Gained mutation: Your body sometimes deteriorates upon
                  | taking damage. [potion of mutation]
   584 | D:1      | Gained mutation: You passively map a small area around you.
                  | [potion of mutation]
  1273 | D:2      | Found Ressokhlo's Magic Scroll Emporium.
  1555 | D:2      | Gained mutation: Your touch may inflict minor irresistible
                  | damage on your foes. [demonic ancestry]
  1555 | D:2      | Reached XP level 3. HP: 25/25 MP: 2/7
  1726 | D:2      | Learned a level 3 spell: Sigil of Binding
  2371 | D:2      | Reached skill level 1 in Fighting
  2392 | D:2      | Gained mutation: You sometimes gain a little power by
                  | taking damage. [demonic ancestry]
  2392 | D:2      | Reached XP level 4. HP: 23/32 MP: 2/9
  2405 | D:2      | Noticed Sigmund
  2927 | D:2      | Slain by Sigmund

Illustrated notes

Levels and vault maps discovered:
D:1:      grunt_arrival_crossed_arrows, layout_loops_cross, st_stairs_2
D:2:      layout_loops_corners, serial_shops, shop, hangedman_glass_teeth,
          minmay_tetromino_i2, uniq_sigmund
D:3:      layout_basic

Skill      XL: |  1  2  3  4 |
---------------+-------------+-----
Translocations | 1 |  1.2
Stealth        | 2 |  2.1
Fighting       | 1 |  1.1
Conjurations   | 2 |  2.0
Dodging        | |  1.7
Spellcasting   | |  3.6
Hexes          | |  0.7
Summonings     | |  1.6

Action                     |  1- 3 |  4- 6 || total
---------------------------+-------+-------++-------
  Melee: Dagger            |    77 |     9 ||    86
         Touch             |     8 |     1 ||     9
  Throw: Dart              |       |     4 ||     4
   Cast: Magic Dart        |    49 |    10 ||    59
         Call Imp          |    15 |     8 ||    23
         Sigil of Binding  |     3 |     4 ||     7
    Use: Potion            |     3 |     4 ||     7
         Scroll            |     3 |       ||     3
   Stab: Distracted        |     1 |       ||     1
 Armour: Robe              |    83 |    34 ||   117
  Dodge: Dodged            |    94 |    17 ||   111

Table legend: (Time is in decaauts)
 A = Elapsed time spent in this place.
 B = Non-inter-level travel time spent in this place.
 C = Inter-level travel time spent in this place.
 D = Time resting spent in this place.
 E = Time spent auto-exploring this place.
 F = Levels seen in this place.
 G = Mean time per level.
                   A        B        C        D        E       F      G
               +--------+--------+--------+--------+--------+-----+--------+
         Total |   2918 |   2758 |    160 |    399 |   1616 |   3 |  972.7 |
       Dungeon |   2918 |   2758 |    160 |    399 |   1616 |   3 |  972.7 |
               +--------+--------+--------+--------+--------+-----+--------+

Top non-repeatable levels by time:
     D:2: 1551 daAuts
     D:1: 1242 daAuts
     D:3: 124 daAuts
